 Dungeon Crawl Stone Soup version 0.21.1-1-g345015f (webtiles) character file.

75387 wojtek the Severer (level 15, -13/128 HPs)
             Began as a Minotaur Fighter on Mar 27, 2018.
             Was the Champion of Makhleb.
             Succumbed to Exporg's ghost's poison
             ... on level 13 of the Dungeon.
             The game lasted 00:56:55 (28944 turns).

wojtek the Severer (Minotaur Fighter)              Turns: 28944, Time: 00:56:56

Health: -13/128    AC: 29    Str: 29      XL:     15   Next: 9%
Magic:  21/21      EV: 10    Int:  3 (5)  God:    Makhleb [******]
Gold:   2723       SH:  0    Dex: 10      Spells: 12/14 levels left

rFire    . . .     SeeInvis .   u - +2 executioner's axe (freeze)
rCold    + . .     Gourm    .   (shield currently unavailable)
rNeg     . . .     Faith    .   m - +1 crystal plate armour {rC+}
rPois    .         Spirit   .   c - +0 hat
rElec    .         Reflect  .   (no cloak)
rCorr    .         Harm     .   (no gloves)
MR       +....                  T - +1 pair of boots {Fly}
Stlth    ..........             F - amulet of rage
HPRegen  0.31/turn              (no ring)
MPRegen  0.17/turn              L - +2 ring of strength

@: lethally poisoned (-13 -> -118), berserk cooldown, flying, slowed, very slow
A: retaliatory headbutt, horns 2
a: Minor Destruction, Lesser Servant of Makhleb, Major Destruction, Greater
Servant of Makhleb, Renounce Religion, Evoke Berserk Rage, Stop Flying


You were on level 13 of the Dungeon.
You worshipped Makhleb.
Makhleb was exalted by your worship.
You were not hungry.

You visited 4 branches of the dungeon, and saw 23 of its levels.
You also visited: Sewer and Ice Cave.

You collected 2940 gold pieces.
You spent 217 gold pieces at shops.

Inventory:

Hand Weapons
 u - a +2 executioner's axe of freezing (weapon)
 B - the +1 hand axe of Strategic Superiority {pain, *Corrode rC++ MR++}
   (You found it on level 5 of the Dungeon)

   In the hands of one skilled in necromantic magic, it inflicts extra damage on
   living creatures.
   It greatly protects you from cold.
   It affects your resistance to hostile enchantments.
   It may corrode you when you take damage.
Missiles
 p - 14 javelins (quivered)
 Y - 7 javelins of penetration
Armour
 c - a +0 hat (worn)
 m - a +1 crystal plate armour of cold resistance (worn)
 T - a +1 pair of boots of flying (worn)
Jewellery
 w - an uncursed ring of resist corrosion
 F - an amulet of rage (around neck)
 L - a +2 ring of strength (right hand)
 R - the amulet "Beod" {RegenMP MP+9}
   (You found it on level 12 of the Dungeon)

   [amulet of magic regeneration]

   It increases your magic regeneration.
   It affects your magic capacity (+9).
 V - an uncursed ring of ice
Wands
 l - a wand of clouds (9)
 x - a wand of iceblast (36)
 E - a wand of acid (4)
 I - a wand of flame (56)
 X - a wand of disintegration (20)
 Z - a wand of digging (9)
Scrolls
 a - 2 scrolls of amnesia
 b - 11 scrolls of remove curse
 e - 5 scrolls of teleportation
 h - 6 scrolls of identify
 j - 2 scrolls of acquirement {unknown}
 o - a scroll of magic mapping
 q - 7 scrolls of fog
 y - 8 scrolls of enchant armour
 z - 7 scrolls of immolation
 A - 3 scrolls of blinking
 H - 3 scrolls of enchant weapon
 J - 3 scrolls of fear
 W - 2 scrolls of silence
Potions
 d - 8 potions of might
 g - 11 potions of curing
 i - 3 potions of brilliance
 k - 6 potions of flight
 n - 4 potions of heal wounds
 s - 5 potions of agility
 t - 2 potions of lignification
 v - 2 potions of invisibility
 C - 3 potions of resistance
 G - a potion of degeneration {unknown}
 K - a potion of ambrosia
 M - 3 potions of berserk rage
 N - 6 potions of haste
 S - 2 potions of mutation
Miscellaneous
 r - a fan of gales
 Q - a lamp of fire
 U - a phial of floods
Comestibles
 f - 27 rations


   Skills:
 - Level 10.9 Fighting
 + Level 18.0 Axes
 + Level 17.6 Armour
 - Level 9.5 Dodging
   Level 3.6 Shields
 - Level 10.0 Invocations


You had 12 spell levels left.
You knew the following spells:

 Your Spells              Type           Power        Failure   Level  Hunger
a - Blink                 Tloc           N/A          100%        2    ###....


Dungeon Overview and Level Annotations

Branches:
Dungeon (14/15)            Temple (1/1) D:7            Lair (6/6) D:9
 Shoals (0/4) Lair:4        Snake (0/4) Lair:3        Slime (0/5) Lair:5
    Orc (2/2) D:10            Elf (0/3) Orc:2        Vaults (0/5) D:13

Altars:
Ashenzari
Cheibriados
Dithmenos
Elyvilon
Fedhas
Gozag
Hepliaklqana
Kikubaaqudgha
Makhleb
Nemelex Xobeh
Okawaru
Qazlal
Ru
Sif Muna
Trog
Uskayaw
Vehumet
Wu Jian
Xom
Yredelemnul
Zin
The Shining One
Beogh
Lugonu

Shops:
D:10 [(   Orc:2 [:?%

Annotations:
D:5 exclusion: downstairs
D:14 Exporg's ghost, journeyman MiBe
Lair:4 mike2R's ghost, journeyman DECj
Lair:6 1 runed door


Innate Abilities, Weirdness & Mutations

You reflexively headbutt those who attack you in melee.
You have a pair of horns on your head.


Message History

You barely miss Exporg's ghost.
Exporg's ghost is severely damaged.
* * * LOW HITPOINT WARNING * * *
You feel very sick.
You hit Exporg's ghost but do no damage.
Exporg's ghost is severely damaged.
* * * LOW HITPOINT WARNING * * *
You feel very sick. Exporg's ghost hits you!!
* * * LOW HITPOINT WARNING * * *
You are more poisoned.
You are no longer berserk.
You are exhausted.
You feel yourself slow down.
* * * LOW HITPOINT WARNING * * *
You feel very sick. Exporg's ghost barely misses you.
You fly upwards.
The ghost fades into the shadows.
Exporg's ghost disappears!
Exporg's ghost reappears nearby!
You die...

#####.###.#
#.###.######## ##
..........#
#............# #.
###########
#####.######.# #.
############# #.# #.#
#. #...........# #.#
#.# #.
####.#########.## #.#
##.# #. ...<.# ##...##
#.# #..# #. ###..#
###.....###.# #.## #.
#..# #......@....# #.#
#. ###..# #.#.....#####
#># #. .....#
#.##...####### #.# #.
####.#####.##.........#
#.# #.
...............######.#
#.# #. ##########..#.##
#.# #.# #. ### ##..#.#
#.# #.# #. ..#
##...#.## #.# #.# #.
#.# ##<......### #.#
#.# #.


There were no monsters in sight!

Vanquished Creatures
  An orc warlord (D:10)
  A dire elephant (Lair:6)
  An ettin (Orc:1)
  The ghost of Kairos the Protected, a journeyman GrGl of Okawaru (Lair:6)
  The ghost of buskinjo the Thaumaturge, a journeyman GnWr of Gozag (D:13)
  A vault guard (D:13)
  Harold (Lair:1)
  Fannar (Lair:1)
  A catoblepas (Lair:6)
  A centaur warrior (D:13)
  A hydra (Lair:6)
  A two-headed ogre (D:9)
  8 death yaks
  Nergalle (D:9)
  Urug (Lair:2)
  An unseen horror (D:10)
  3 wizards (D:13)
  An orange crystal statue (D:11)
  4 lindwurms (Lair:6)
  A lindwurm (shapeshifter) (D:13)
  10 orc knights
  An ugly thing (D:13)
  An orc sorcerer (Orc:1)
  2 manticores (Lair:6)
  3 cyclopes
  7 black mambas
  2 ice statues (IceCv)
  11 spiny frogs
  7 torpor snails (Lair:6)
  A gargoyle (D:13)
  11 komodo dragons
  2 rime drakes (Lair:6)
  A yaktaur (D:13)
  11 ice devils (IceCv)
  3 tyrant leeches (Lair:6)
  4 trolls
  A polar bear (Lair:5)
  7 hornets
  15 blink frogs
  3 dream sheep (Lair:6)
  10 hippogriffs
  4 slime creatures (D:13)
  A meliai zombie (D:13)
  A shadow (D:13)
  2 wyverns
  19 humans (D:13)
  6 yaks
  3 basilisks
  A steam dragon (D:12)
  A hungry ghost (D:8)
  Menkaure (D:6)
  3 nagas (Lair:3)
  10 wargs
  2 acid dragons
  11 water moccasins
  Duvessa (D:6)
  10 porcupines
  46 orc warriors
  12 ice beasts
  A sky beast (D:9)
  2 phantoms
  A hornet zombie (D:11)
  11 ogres
  A black bear (D:13)
  11 wolves
  6 centaurs
  4 big kobolds
  7 crocodiles
  A gnoll sergeant (D:11)
  10 bullfrogs
  Dowan (D:6)
  8 scorpions
  9 killer bees
  A water moccasin skeleton (D:8)
  2 vampire bats (Orc:2)
  9 wights
  3 howler monkeys
  An electric eel (Orc:1)
  A centaur zombie (D:8)
  A lava snake (D:13)
  5 crimson imps
  A jelly (D:4)
  2 bullfrog zombies (D:13)
  10 hounds
  2 bullfrog skeletons
  14 orc priests
  22 orc wizards
  Jessica (D:2)
  2 centaur skeletons
  5 iguanas
  15 worker ants
  A hound skeleton (D:8)
  2 worker ant zombies
  5 gnolls
  A howler monkey skeleton (D:7)
  16 adders
  A shadow imp (D:13)
  11 white imps (IceCv)
  2 ufetubi (IceCv)
  4 oozes
  4 worms
  3 dart slugs (D:2)
  4 leopard geckos
  88 orcs
  19 bats
  5 giant cockroaches
  3 goblins
  5 hobgoblins
  10 jackals
  42 kobolds
  4 quokkas
  A ball python (Sewer)
  6 frilled lizards
  A jackal skeleton (D:5)
  A quokka skeleton (D:7)
  9 rats
  A bush (Lair:6)
  9 fungi
  5 plants
712 creatures vanquished.

Vanquished Creatures (collateral kills)
  A reaper (IceCv)
  3 hydras
  A spiny frog (Lair:3)
  A komodo dragon (Lair:6)
  A crocodile (Lair:6)
  A fungus (Lair:6)
  A plant (Lair:6)
9 creatures vanquished.

Vanquished Creatures (others)
  5 white imps (IceCv)
  An ufetubus (IceCv)
  22 fungi
  15 plants
43 creatures vanquished.

Grand Total: 764 creatures vanquished

Notes
Turn   | Place    | Note
-------+----------+-------------------------------------------
     0 | D:1      | wojtek the Minotaur Fighter began the quest for the Orb.
     0 | D:1      | Reached XP level 1. HP: 19/19 MP: 0/0
    75 | D:1      | Reached skill level 3 in Axes
   158 | D:1      | Reached XP level 2. HP: 26/26 MP: 1/1
   608 | D:2      | Noticed Jessica
   611 | D:2      | Killed Jessica
   611 | D:2      | Reached skill level 4 in Axes
   611 | D:2      | Reached XP level 3. HP: 21/31 MP: 2/2
   739 | D:2      | Reached skill level 5 in Axes
   856 | D:2      | Reached XP level 4. HP: 35/39 MP: 3/3
  1674 | D:3      | Reached skill level 1 in Dodging
  1674 | D:3      | Reached XP level 5. HP: 40/46 MP: 4/4
  1858 | D:3      | Found a faded altar of an unknown god.
  2146 | D:3      | Found a glowing drain.
  2150 | D:3      | Reached skill level 6 in Axes
  2159 | Sewer    | Entered a sewer
  2412 | Sewer    | Reached XP level 6. HP: 43/53 MP: 5/5
  3179 | D:4      | Reached skill level 5 in Fighting
  3179 | D:4      | Reached skill level 5 in Armour
  3368 | D:4      | Reached XP level 7. HP: 54/61 MP: 6/6
  3697 | D:4      | Reached skill level 7 in Axes
  3810 | D:5      | Entered Level 5 of the Dungeon
  3820 | D:5      | Got a blackened hand axe
  3821 | D:5      | Identified the +1 hand axe of Strategic Superiority {pain, *Corrode rC++ MR++} (You found it on level 5 of the Dungeon)
  4230 | D:6      | Reached XP level 8. HP: 66/70 MP: 7/7
  5116 | D:6      | Reached skill level 8 in Axes
  5362 | D:6      | Noticed Menkaure
  5370 | D:6      | Killed Menkaure
  5370 | D:6      | Reached skill level 5 in Dodging
  5584 | D:6      | Noticed Duvessa
  5584 | D:6      | Noticed Dowan
  5600 | D:6      | Killed Dowan
  5607 | D:6      | Killed Duvessa
  6192 | D:7      | Reached XP level 9. HP: 55/79 MP: 8/8
  6247 | D:7      | Found a staircase to the Ecumenical Temple.
  6279 | Temple   | Entered the Ecumenical Temple
  6538 | Temple   | Became a worshipper of Makhleb the Destroyer
  6594 | D:7      | Reached skill level 9 in Axes
  7304 | D:8      | Reached * piety under Makhleb
  7521 | D:8      | Reached skill level 10 in Axes
  7563 | D:8      | Found a glowing golden altar of the Shining One.
  7868 | D:9      | Reached XP level 10. HP: 91/91 MP: 9/9
  8327 | D:9      | Found a staircase to the Lair.
  8981 | D:9      | Reached skill level 1 in Invocations
  9152 | D:10     | Entered Level 10 of the Dungeon
  9177 | D:10     | Killed an unseen horror
  9251 | D:10     | Reached ** piety under Makhleb
  9336 | D:10     | Noticed a two-headed ogre
  9450 | D:9      | Killed a two-headed ogre
  9719 | D:10     | Found a snail-covered altar of Cheibriados.
  9754 | D:10     | Found Weziejux's Armour Boutique.
  9754 | D:10     | Found a staircase to the Orcish Mines.
  9756 | D:10     | Found Xerilal's Weapon Boutique.
  9941 | Lair:1   | Entered Level 1 of the Lair of Beasts
 10018 | Lair:1   | Noticed Harold
 10032 | Lair:1   | Killed Harold
 10032 | Lair:1   | Reached skill level 10 in Fighting
 10032 | Lair:1   | Reached skill level 10 in Armour
 10078 | Lair:1   | Noticed a spiny frog
 10089 | Lair:1   | Killed a spiny frog
 10089 | Lair:1   | Reached skill level 11 in Axes
 10089 | Lair:1   | Reached XP level 11. HP: 68/99 MP: 13/13
 10472 | D:9      | Reached skill level 5 in Invocations
 10696 | Lair:1   | Noticed Nergalle
 10778 | D:9      | Noticed a spectral orc warlord
 10792 | D:9      | Killed Nergalle
 11591 | Lair:1   | Noticed Fannar
 11621 | Lair:1   | Killed Fannar
 11802 | Lair:2   | Noticed Urug
 11864 | Lair:2   | Killed Urug
 12088 | Lair:2   | Noticed a death yak
 12096 | Lair:2   | Noticed a death yak
 12424 | Lair:2   | Noticed a death yak
 12461 | Lair:1   | Killed a death yak
 13097 | Lair:2   | Killed a death yak
 13205 | Lair:1   | Killed a death yak
 13261 | Lair:2   | Reached *** piety under Makhleb
 13261 | Lair:2   | Reached XP level 12. HP: 90/108 MP: 16/16
 13267 | Lair:2   | Reached skill level 12 in Axes
 14525 | Lair:3   | Found a labyrinth entrance.
 14566 | Lair:3   | Found a staircase to the Snake Pit.
 14646 | Lair:3   | Noticed a four-headed hydra
 14654 | Lair:3   | Killed a four-headed hydra
 15008 | Lair:3   | Noticed a six-headed hydra
 15017 | Lair:3   | Killed a six-headed hydra
 15670 | Lair:4   | Noticed mike2R's ghost (journeyman DECj)
 16518 | Lair:4   | Found a staircase to the Shoals.
 16590 | Lair:4   | Reached skill level 10 in Invocations
 16988 | Lair:4   | Reached skill level 13 in Axes
 17100 | Lair:5   | Found a staircase to the Slime Pits.
 17185 | Lair:5   | Noticed a death yak
 17186 | Lair:5   | Noticed a death yak
 17187 | Lair:5   | Noticed a death yak
 17188 | Lair:5   | Noticed a death yak
 17189 | Lair:5   | Noticed a death yak
 17211 | Lair:5   | Found a frozen archway.
 17235 | IceCv    | Entered an ice cave
 18061 | IceCv    | Reached XP level 13. HP: 89/115 MP: 19/19
 18381 | IceCv    | Noticed a reaper
 18401 | IceCv    | Killed a reaper
 18877 | IceCv    | Identified the Compendium of the Creative Frostbite
 19417 | Lair:5   | Reached skill level 14 in Axes
 19625 | Lair:5   | Reached **** piety under Makhleb
 20192 | Lair:6   | Entered Level 6 of the Lair of Beasts
 20787 | Lair:6   | Found a runed door.
 20817 | Lair:6   | Reached skill level 15 in Axes
 20975 | Lair:6   | Paralysed by a hornet for 1 turns
 21099 | Lair:6   | Reached skill level 15 in Armour
 21341 | Lair:6   | Noticed a dire elephant
 21354 | Lair:6   | Killed a dire elephant
 21439 | Lair:6   | Noticed Kairos's ghost (journeyman GrGl)
 21577 | Lair:6   | Killed Kairos's ghost
 21577 | Lair:6   | Reached XP level 14. HP: 122/122 MP: 20/20
 21946 | Lair:6   | Reached skill level 16 in Axes
 22632 | Lair:5   | Learned a level 2 spell: Blink
 23353 | D:12     | Reached ***** piety under Makhleb
 23563 | D:12     | Found a corrupted altar of Lugonu.
 23705 | D:12     | Got a smoking diamond amulet
 24642 | D:13     | Got a fine chain mail
 24660 | D:13     | Identified the amulet "Beod" {RegenMP MP+9} (You found it on level 12 of the Dungeon)
 24661 | D:13     | Identified the +6 chain mail "Jix Eshot" {Dex+4} (You found it on level 13 of the Dungeon)
 24835 | D:13     | Noticed buskinjo's ghost (journeyman GnWr)
 24869 | D:13     | Killed buskinjo's ghost
 25789 | D:13     | Found a gate to the Vaults.
 25800 | D:13     | Reached skill level 17 in Axes
 26022 | Orc:1    | Entered Level 1 of the Orcish Mines
 26022 | Orc:1    | Noticed an orc warlord
 26038 | D:10     | Killed an orc warlord
 26294 | Orc:1    | Reached ****** piety under Makhleb
 26836 | Orc:2    | Entered Level 2 of the Orcish Mines
 27108 | Orc:2    | Found a staircase to the Elven Halls.
 27237 | Orc:2    | Found a roughly hewn altar of Beogh.
 27288 | Orc:2    | HP: 4/122 [orc warrior/halberd (18)]
 27582 | Orc:2    | Found Ygiaraj's Magic Scroll Boutique.
 27582 | Orc:2    | Found Garrimoi's Food Emporium.
 27962 | Orc:2    | Found Acwuocs's Antique Armour Boutique.
 27962 | Orc:2    | Found Qenig's Book Emporium.
 28000 | Orc:2    | Reached XP level 15. HP: 91/128 MP: 21/21
 28170 | Orc:2    | Bought a pair of embroidered boots for 217 gold pieces
 28571 | D:11     | Reached skill level 18 in Axes
 28723 | D:14     | Noticed Exporg's ghost (journeyman MiBe)
 28943 | D:14     | HP: 5/128 [poisoned by Exporg's ghost]
 28944 | D:13     | Succumbed to Exporg's ghost's poison

Skill      XL: |  1  2  3  4  5  6  7  8  9 10 11 12 13 14 15 |
---------------+----------------------------------------------+-----
Axes           | 3 4 5 6 7 8 10 11 13 15 17 18 | 18.0
Dodging        | 1 2 3 4 5 7 8 9 |  9.5
Fighting       | 4 5 6 7 9 10 | 10.9
Armour         | 4 5 6 7 9 10 11 12 15 17 | 17.6
Invocations    | 4 7 10 | 10.0
Shields        | |  3.6

Action                   |  1- 3 |  4- 6 |  7- 9 | 10-12 | 13-15 || total
-------------------------+-------+-------+-------+-------+-------++-------
Melee: War axe           |    48 |   175 |    28 |       |       ||   251
       Headbutt          |     3 |    32 |    86 |   231 |   202 ||   554
       Hand axe          |       |       |   381 |   894 |    54 ||  1329
       Executioner's axe |       |       |       |       |   845 ||   845
Invok: Lesser Servant of |       |       |       |     4 |     6 ||    10
 Abil: Evoke Berserk Rag |       |       |     3 |    14 |     6 ||    23
Evoke: Wand              |       |       |       |    11 |     2 ||    13
  Use: Scroll            |       |       |    11 |     9 |     9 ||    29
       Potion            |       |       |     1 |     6 |     3 ||    10
 Stab: Petrified         |       |       |       |       |     2 ||     2
  Eat: Chunk             |       |     8 |    21 |    25 |    22 ||    76
       Ration            |       |       |       |     6 |     7 ||    13
Armor: Scale mail        |    23 |       |       |       |       ||    23
       Chain mail        |     5 |    89 |   134 |       |       ||   228
       Plate armour      |       |       |    34 |   386 |     4 ||   424
       Crystal plate arm |       |       |       |       |   715 ||   715
Dodge: Dodged            |    12 |    32 |   118 |   274 |   470 ||   906
Block: Shield            |    28 |    99 |   188 |   435 |    23 ||   773
